[Event "Titled Tuesday Blitz November 08 Early 2022"]
[White "Chakraborty, Dipro"]
[Black "Izuzquiza Gonzalez, Javier"]
[WhiteFideId "2045524"]
[BlackFideId "3101029"]
[WhiteElo "2130"]
[BlackElo "2034"]
[Result "1-0"]
[Round "05"]
[TimeControl "180+1"]
[Date "2022.11.09"]
[WhiteClock "0:00:08"]
[BlackClock "0:00:15"]

1. d4 Nf6 2. Nc3 d5 3. Bf4 g6 4. e3 c6 5. h4 Bg7 6. h5 Bg4 7. f3 Bd7 8. h6 Bf8 9. g4 b5 10. a4 b4 11. Nce2 a5 12. Nc1 Qb6 13. c4 c5 14. dxc5 Qxc5 15. Nb3 Qc6 16. Rc1 dxc4 17. Bxc4 Qb6 18. Nd4 Nc6 19. Nxc6 Bxc6 20. Rh2 e6 21. Be5 Be7 22. b3 O-O 23. Qd4 Qxd4 24. Bxd4 Rfc8 25. Rd2 Bd5 26. Rdc2 Bxc4 27. Rxc4 Rxc4 28. Rxc4 Nd5 29. f4 Rd8 30. Nf3 Kf8 31. g5 Ke8 32. Kf2 Kd7 33. Ne5+ Ke8 34. Kf3 Bd6 35. Ng4 Kd7 36. Be5 Bxe5 37. Nxe5+ Ke7 38. Nc6+ Ke8 39. Nxd8 Kxd8 40. Rc5 Nc3 41. Rxa5 Nb1 42. Ke2 Nc3+ 43. Kd3 Nd5 44. Rxd5+ 1-0


[Site "https://www.chess.com"]

[Event "Titled Tuesday Blitz November 08 Early 2022"]
[White "Chernov, Mikhail"]
[Black "Fernandez De La Vara, Arnaldo"]
[WhiteFideId "24143170"]
[BlackFideId "3518388"]
[WhiteElo "2113"]
[BlackElo "2387"]
[Result "0-1"]
[Round "05"]
[TimeControl "180+1"]
[Date "2022.11.09"]
[WhiteClock "0:00:07"]
[BlackClock "0:00:11"]

1. e4 c5 2. Nf3 e6 3. d4 cxd4 4. Nxd4 a6 5. Be2 Nf6 6. Nc3 Qc7 7. O-O d6 8. Be3 Nbd7 9. a4 b6 10. f4 Bb7 11. Bf3 Nc5 12. e5 dxe5 13. fxe5 Qxe5 14. Re1 Rd8 15. Bxb7 Nxb7 16. Qf3 Qc7 17. Nf5 Nd6 18. Qg3 g6 19. Nd4 Be7 20. Rad1 O-O 21. Kh1 Qc4 22. Bg5 Nh5 23. Qh4 Bxg5 24. Qxg5 Kg7 25. Re3 Qc5 26. Qxc5 bxc5 27. Nc6 Nf5 28. Rxd8 Rxd8 29. Nxd8 Nxe3 30. a5 Nf6 31. Na4 Nd7 32. Nc6 Nxc2 33. Kg1 Nb4 34. Nd8 Nd3 35. b3 Nc1 36. Nc6 Nxb3 37. Kf2 c4 38. Ke2 Kf6 39. Kd1 Kf5 40. Kc2 Ke4 41. Kc3 Ne5 42. Nxe5 Kxe5 43. Kxc4 Nxa5+ 44. Kd3 Nb7 45. Ke3 Nd6 46. Nb6 a5 47. Kd3 f5 48. Na4 Kf6 49. Kd4 e5+ 50. Kd5 Ne4 51. Nb6 Nf2 52. Nd7+ Kg5 53. Nxe5 Ng4 54. Nf3+ Kf4 55. h3 Ne3+ 56. Ke6 Nxg2 57. Nd2 a4 58. Nc4 Ne3 59. Na3 Kg3 60. Ke5 f4 61. Ke4 f3 62. Kxe3 f2 0-1


[Site "https://www.chess.com"]

[Event "Titled Tuesday Blitz November 08 Early 2022"]
[White "Ciuffoletti, Paolo"]
[Black "Donskov, Anatoly"]
[WhiteFideId "807630"]
[BlackFideId "24143413"]
[WhiteElo "2143"]
[BlackElo "2219"]
[Result "1-0"]
[Round "05"]
[TimeControl "180+1"]
[Date "2022.11.09"]
[WhiteClock "0:01:07"]
[BlackClock "0:00:07"]

1. e4 c5 2. d4 cxd4 3. c3 dxc3 4. Nxc3 e6 5. Nf3 d6 6. Bc4 a6 7. O-O Be7 8. Qe2 b5 9. Bb3 Ra7 10. Be3 Rd7 11. Nd4 Rc7 12. f4 Nc6 13. Rad1 Bd7 14. f5 Nxd4 15. Bxd4 Nf6 16. Bb6 O-O 17. fxe6 fxe6 18. e5 Ne8 19. Rxf8+ Bxf8 20. exd6 Nxd6 21. Bxe6+ Kh8 22. Nd5 Qe7 23. Nxc7 Bxe6 24. Qxe6 1-0


[Site "https://www.chess.com"]

[Event "Titled Tuesday Blitz November 08 Early 2022"]
[White "Cramling Bellon, Anna"]
[Black "Matveeva, Olga"]
[WhiteFideId "32009232"]
[BlackFideId "24107018"]
[WhiteElo "1972"]
[BlackElo "2055"]
[Result "0-1"]
[Round "05"]
[TimeControl "180+1"]
[Date "2022.11.09"]
[WhiteClock "0:00:06"]
[BlackClock "0:00:54"]

1. d4 Nf6 2. c4 d6 3. Nc3 e5 4. dxe5 dxe5 5. Qxd8+ Kxd8 6. Bg5 Nd7 7. O-O-O c6 8. Nf3 Kc7 9. Bxf6 gxf6 10. e4 Bb4 11. Kc2 Nc5 12. Bd3 Bg4 13. a3 Bxc3 14. Kxc3 Bxf3 15. gxf3 Ne6 16. Rhg1 Rhg8 17. b4 Nd4 18. Rg3 Rxg3 19. fxg3 Rd8 20. f4 Kd6 21. c5+ Ke7 22. fxe5 fxe5 23. Rf1 f6 24. g4 h6 25. Bc4 b6 26. h4 b5 27. Ba2 Ne2+ 28. Kc2 Rd4 29. g5 hxg5 30. hxg5 fxg5 31. Rf7+ Ke8 32. Rxa7 Rxe4 33. Rc7 Nd4+ 34. Kd3 Re2 35. Bf7+ Kd8 36. Ra7 Rh2 37. Ra8+ Ke7 38. Ra7+ Kf6 39. Be8 Rh3+ 40. Kd2 Rh2+ 41. Kd3 g4 42. Ra6 g3 43. Bxc6 Nxc6 44. Rxc6+ Kf5 45. Rc8 Rh4 46. Ke3 Rg4 47. Kf3 g2 48. Rf8+ Ke6 49. Re8+ Kd7 50. Kxg4 g1=Q+ 51. Kf5 Kxe8 52. Kxe5 Qe3+ 53. Kd6 Qxa3 54. c6 Qxb4+ 55. Kc7 Qc5 56. Kb7 b4 57. c7 b3 58. c8=Q+ Qxc8+ 59. Kxc8 b2 60. Kc7 b1=Q 61. Kc8 Qc2+ 0-1


[Site "https://www.chess.com"]

[Event "Titled Tuesday Blitz November 08 Early 2022"]
[White "Crevatin, Leo"]
[Black "Martin, Lewis"]
[WhiteFideId "1726307"]
[BlackFideId "410551"]
[WhiteElo "2208"]
[BlackElo "2145"]
[Result "1-0"]
[Round "05"]
[TimeControl "180+1"]
[Date "2022.11.09"]
[WhiteClock "0:01:38"]
[BlackClock "0:00:29"]

1. e4 c5 2. Nf3 d6 3. d4 cxd4 4. Nxd4 Nf6 5. Nc3 a6 6. Bg5 e6 7. f3 b5 8. Qd2 Nbd7 9. O-O-O Bb7 10. a3 Rc8 11. Kb1 Qb6 12. g4 Be7 13. h4 O-O 14. h5 Rfd8 15. Be3 Qc7 16. g5 Ne8 17. g6 Nf8 18. gxf7+ Kxf7 19. f4 Bf6 20. Bh3 Qe7 21. f5 e5 22. Ne6 Nxe6 23. fxe6+ Kg8 24. Nd5 Bxd5 25. exd5 Rc4 26. Bf1 Rcc8 27. Bd3 Nc7 28. Be4 Rf8 29. Qd3 h6 30. Rhg1 Kh8 31. Rg6 Bg5 32. Bxg5 hxg5 33. h6 Ne8 34. Rh1 Kg8 35. hxg7 Nxg7 36. Rgh6 1-0


[Site "https://www.chess.com"]

[Event "Titled Tuesday Blitz November 08 Early 2022"]
[White "Csonka, Balazs"]
[Black "Jones, Gawain C B"]
[WhiteFideId "742910"]
[BlackFideId "409561"]
[WhiteElo "2404"]
[BlackElo "2657"]
[Result "0-1"]
[Round "05"]
[TimeControl "180+1"]
[Date "2022.11.08"]
[WhiteClock "0:00:04"]
[BlackClock "0:00:11"]

1. e4 c5 2. Nf3 Nc6 3. d4 cxd4 4. Nxd4 g6 5. Nc3 Bg7 6. Be3 Nf6 7. Bc4 O-O 8. Bb3 a5 9. O-O a4 10. Nxa4 Nxe4 11. c4 d6 12. Bc2 Nf6 13. Nb5 Be6 14. Nb6 Ra5 15. h3 Bxc4 16. Nxc4 Rxb5 17. Bd3 Nd5 18. Bd2 Rc5 19. Rc1 b5 20. Ne3 Bxb2 21. Rxc5 dxc5 22. Bxb5 Nd4 23. Bc4 Nc3 24. Bxc3 Bxc3 25. Qd3 Ba5 26. Rb1 e6 27. a4 Qd7 28. Bb5 Qa7 29. Nc4 Bb4 30. Ne5 Qc7 31. Nc4 Rd8 32. Rd1 h5 33. Kf1 Qh2 0-1


[Site "https://www.chess.com"]

[Event "Titled Tuesday Blitz November 08 Early 2022"]
[White "D`Arruda, Ricardo D."]
[Black "Papasimakopoulos, Alexandros"]
[WhiteFideId "100692"]
[BlackFideId "4244125"]
[WhiteElo "2502"]
[BlackElo "2365"]
[Result "1-0"]
[Round "05"]
[TimeControl "180+1"]
[Date "2022.11.09"]
[WhiteClock "0:00:29"]
[BlackClock "0:00:02"]

1. d4 e6 2. e4 d5 3. Nc3 Bb4 4. Qg4 Nf6 5. Qxg7 Rg8 6. Qh6 Rg6 7. Qe3 Nxe4 8. Ne2 c5 9. a3 cxd4 10. Qxd4 Bc5 11. Qh8+ Ke7 12. Qxd8+ Kxd8 13. Nxe4 dxe4 14. Be3 Bxe3 15. fxe3 e5 16. g3 Nc6 17. Nc3 f5 18. Kf2 Be6 19. Rd1+ Ke7 20. Nd5+ Bxd5 21. Rxd5 Rd8 22. Rxd8 Nxd8 23. Bh3 Rd6 24. Ke2 Rf6 25. Rf1 Ke6 26. g4 fxg4 27. Bxg4+ Ke7 28. Rxf6 Kxf6 29. c4 a5 30. b3 b6 31. Bd7 Ke7 32. Bf5 h6 33. Bxe4 Kd6 34. b4 axb4 35. axb4 Ne6 36. Bd5 Nc7 37. Bb7 Ke6 38. Kf3 Kf5 39. Bc8+ Kg5 40. Ke4 Kf6 41. c5 bxc5 42. bxc5 Nb5 43. Kd5 Nc3+ 44. Kc6 e4 45. Bg4 Ke7 46. Kb7 Nd5 47. c6 Kd6 48. Bf5 Nc7 49. Bxe4 Ne6 50. Bf3 Nc7 51. e4 Ne6 52. Kb6 Nf8 53. Bg4 Ng6 54. c7 Ne5 55. c8=Q 1-0


[Site "https://www.chess.com"]

[Event "Titled Tuesday Blitz November 08 Early 2022"]
[White "Danielyan, Vahe"]
[Black "Bettalli, Francesco"]
[WhiteFideId "13304828"]
[BlackFideId "2816453"]
[WhiteElo "2423"]
[BlackElo "2216"]
[Result "0-1"]
[Round "05"]
[TimeControl "180+1"]
[Date "2022.11.09"]
[WhiteClock "0:00:24"]
[BlackClock "0:01:25"]

1. e4 e5 2. Nf3 Nf6 3. Nxe5 Nxe4 4. Qe2 Qe7 5. Qxe4 d6 6. Nc3 Qxe5 7. Qxe5+ dxe5 8. Bb5+ c6 9. Bc4 Bd6 10. b3 Nd7 11. Bb2 Nb6 12. Be2 Be6 13. O-O-O O-O-O 14. Rhe1 Rhe8 15. Ne4 Bf8 16. Bf3 f6 17. d4 exd4 18. Rxd4 Nd5 19. Red1 Nf4 20. Rxd8+ Rxd8 21. Rxd8+ Kxd8 22. Kd2 h6 23. c4 f5 24. Ng3 g5 25. Be5 Ng6 26. Bf6+ Kd7 27. Bh5 Nf4 28. Bd4 b6 29. Bf3 g4 30. Bd1 Nxg2 31. Be5 Nh4 32. Bb8 a6 33. Bc2 Nf3+ 34. Kd1 Nd4 35. Bd3 Bg7 36. Nh5 Bf8 37. Nf4 Bd6 38. Bxd6 Kxd6 39. h4 Ke5 40. Ng6+ Kf6 41. Nf4 Nf3 42. h5 Bf7 43. Be2 Ne5 44. c5 b5 45. Kc2 Kg5 46. Ng2 f4 47. Bf1 Bxh5 48. a4 Nd7 49. axb5 axb5 50. b4 Kf5 51. Bd3+ Ke5 52. Kc3 Nf6 53. Kd2 Nd5 54. Bh7 Nxb4 55. Nh4 Na6 56. Kc3 Nxc5 57. Kb4 Ne4 0-1


[Site "https://www.chess.com"]

[Event "Titled Tuesday Blitz November 08 Early 2022"]
[White "Darini, Pouria"]
[Black "Remizov, Yaroslav"]
[WhiteFideId "12502200"]
[BlackFideId "34134015"]
[WhiteElo "2483"]
[BlackElo "2414"]
[Result "0-1"]
[Round "05"]
[TimeControl "180+1"]
[Date "2022.11.09"]
[WhiteClock "0:00:03"]
[BlackClock "0:00:47"]

1. e4 c6 2. d4 d5 3. e5 c5 4. Nf3 cxd4 5. Qxd4 Nc6 6. Qf4 e6 7. Bd3 Nge7 8. Nc3 Ng6 9. Qg3 Nb4 10. h4 Nxd3+ 11. cxd3 Bd7 12. Be3 Ne7 13. Nd4 g6 14. h5 Qa5 15. O-O-O O-O-O 16. Kb1 Kb8 17. Qf4 Nf5 18. Nxf5 gxf5 19. Ne2 Rg8 20. Qf3 Rg4 21. Nd4 Qa4 22. b3 Qb4 23. Nc2 Qa5 24. Bd2 Qa6 25. d4 Bb5 26. Bb4 Be2 27. Qe3 Bxd1 28. Rxd1 Rxg2 29. Bxf8 Rxf8 30. Nb4 Qb6 31. Nd3 Rfg8 32. Nc5 Qd8 33. Rd2 b6 34. Nd3 Qg5 35. Nf4 Rg4 36. Nd3 Qxe3 37. fxe3 Re4 38. Re2 Rg3 39. Rc2 Rgxe3 40. Nb4 Re1+ 41. Kb2 R1e2 42. Nc6+ Kb7 43. Nd8+ Ka6 44. Nxf7 Rxc2+ 45. Kxc2 Rxd4 46. Nd6 Re4 47. Nf7 Kb5 48. Kc3 Kc5 49. a3 Re3+ 50. Kc2 f4 51. Ng5 Rxe5 52. Nf3 Rxh5 53. b4+ Kd6 54. Nd4 e5 55. Nb5+ Ke6 56. Nc7+ Kf5 57. Nxd5 Rh3 58. Ne7+ Ke4 59. Ng8 f3 60. Nf6+ Kf5 61. Nd5 f2 62. Ne7+ Ke6 0-1


[Site "https://www.chess.com"]

[Event "Titled Tuesday Blitz November 08 Early 2022"]
[White "Dehtiarov, Roman"]
[Black "Gracia Alvarez, Gerardo Antonio"]
[WhiteFideId "14186640"]
[BlackFideId "5109124"]
[WhiteElo "2200"]
[BlackElo "2139"]
[Result "1-0"]
[Round "05"]
[TimeControl "180+1"]
[Date "2022.11.09"]
[WhiteClock "0:00:11"]
[BlackClock "0:00:02"]

1. e4 c5 2. Nc3 Nc6 3. f4 g6 4. Nf3 Bg7 5. Bb5 Nd4 6. O-O a6 7. Bd3 e6 8. e5 d5 9. Nxd4 cxd4 10. Ne2 Ne7 11. Qe1 Nc6 12. Qf2 f6 13. Nxd4 Nxd4 14. Qxd4 O-O 15. b3 fxe5 16. fxe5 Rxf1+ 17. Bxf1 Qc7 18. Bb2 Bd7 19. Bd3 Rf8 20. h3 Bc6 21. Rf1 Rxf1+ 22. Bxf1 Qa5 23. a3 Bf8 24. b4 Qa4 25. Bd3 a5 26. Qg4 Kf7 27. Qf3+ Ke8 28. Qf6 Bd7 29. b5 b6 30. Kh1 Bxa3 31. Qh8+ Bf8 32. Qxh7 Bxb5 33. Bxg6+ Kd8 34. Qf7 Be7 35. Qxe6 Bc6 36. Bf5 1-0


[Site "https://www.chess.com"]

[Event "Titled Tuesday Blitz November 08 Early 2022"]
[White "Derjabin, Ilja"]
[Black "Rudzinska, Michalina"]
[WhiteFideId "14104768"]
[BlackFideId "1172883"]
[WhiteElo "2312"]
[BlackElo "2207"]
[Result "1-0"]
[Round "05"]
[TimeControl "180+1"]
[Date "2022.11.09"]
[WhiteClock "0:00:10"]
[BlackClock "0:00:36"]

1. d4 Nf6 2. c4 e6 3. Nc3 Bb4 4. a3 Bxc3+ 5. bxc3 d6 6. f3 O-O 7. e4 Nbd7 8. Bd3 e5 9. Ne2 b6 10. O-O c5 11. f4 exd4 12. cxd4 cxd4 13. Nxd4 Bb7 14. Bb2 Nc5 15. Re1 Re8 16. Nf5 Bxe4 17. Bxe4 Ncxe4 18. Qd4 Qd7 19. Nxg7 Kxg7 20. Rxe4 Qf5 21. Rxe8 Rxe8 22. Qxd6 Re6 23. Qd2 Kg6 24. Be5 Rc6 25. Rc1 Qe4 26. Qf2 Ng4 27. Qg3 Qe3+ 28. Qxe3 Nxe3 29. Kf2 Nxc4 30. Bd4 b5 31. Re1 Ra6 32. Bc5 Nxa3 33. Ra1 Rc6 34. Bxa3 a5 35. Be7 Rc2+ 36. Kf3 a4 37. g4 Rc3+ 38. Ke4 Rb3 39. f5+ Kg7 40. Bc5 b4 41. Bd4+ Kf8 42. Rc1 Ke7 43. Kd5 a3 44. Rc7+ Kd8 45. Ra7 Rd3 46. Kc4 Rd1 47. Bc5 Rc1+ 48. Kd5 b3 49. Bxa3 Rd1+ 50. Kc6 Ke8 51. Ra8+ Rd8 52. Rxd8+ Kxd8 53. Kd6 Ke8 54. Bb2 h6 55. h4 f6 56. Ke6 Kf8 57. Kxf6 Kg8 58. Kg6 h5 59. gxh5 1-0


[Site "https://www.chess.com"]

[Event "Titled Tuesday Blitz November 08 Early 2022"]
[White "Devaev, Alexander"]
[Black "Mohamed, Saeed Laily"]
[WhiteFideId "4169395"]
[BlackFideId "9314946"]
[WhiteElo "2225"]
[BlackElo "1874"]
[Result "1/2-1/2"]
[Round "05"]
[TimeControl "180+1"]
[Date "2022.11.09"]
[WhiteClock "0:00:14"]
[BlackClock "0:00:03"]

1. d4 d5 2. Nf3 Bf5 3. c4 e6 4. Nc3 Nc6 5. a3 Nf6 6. Bg5 Be7 7. e3 O-O 8. Bxf6 Bxf6 9. cxd5 exd5 10. Qb3 Ne7 11. Be2 c6 12. O-O Rb8 13. a4 Nc8 14. h3 Nd6 15. Qd1 Qe7 16. Bd3 Qe6 17. Qc2 Rfe8 18. Rab1 Bxd3 19. Qxd3 Qf5 20. Qxf5 Nxf5 21. b4 Red8 22. Rb3 Rbc8 23. Rd1 a6 24. Ne2 Kf8 25. Nf4 Ke7 26. Nd3 Nd6 27. g4 h6 28. h4 g6 29. Kg2 h5 30. g5 Bg7 31. Rc1 Nc4 32. b5 axb5 33. axb5 Ra8 34. bxc6 bxc6 35. Nc5 Rdb8 36. Rcb1 Rxb3 37. Rxb3 Ra7 38. Rc3 Kd6 39. Rb3 Kc7 40. Ne1 Bf8 41. Ncd3 Bd6 42. Rc3 Ra2 43. Kf3 Nd2+ 44. Kg2 Nc4 45. Kf1 Nd2+ 46. Kg1 Nc4 47. Nf3 Ra1+ 48. Kg2 Ra2 49. Nb4 Bxb4 50. Rc1 Nxe3+ 51. Kg3 Nc4 52. Rb1 Bd6+ 53. Kg2 Rb2 54. Ra1 Ne3+ 55. Kg1 Nf5 56. Ra7+ Rb7 57. Ra8 Bf4 58. Rf8 Kd6 59. Rd8+ Rd7 60. Rc8 Rc7 61. Rd8+ Ke6 62. Ra8 Rb7 63. Re8+ Ne7 64. Kg2 Rb2 65. Ra8 Bd6 66. Ra6 Rc2 67. Kf1 c5 68. Ne1 Rc1 69. dxc5 Rxc5 70. Nd3 Rc3 71. Nf4+ Ke5 72. Ne2 Bc5 73. Nxc3 Nf5 74. Ra5 Bb4 75. Rxd5+ Ke6 76. Rd3 Bxc3 77. Rxc3 Nxh4 78. Rc7 Nf5 79. Kg2 Nd6 80. Kg3 Kf5 81. Rd7 Ne4+ 82. Kg2 Nxg5 83. Rd5+ Kf6 84. Ra5 Ne6 85. Ra6 g5 86. Kg3 Kf5 87. Ra5+ Kg6 88. Ra6 Kf5 89. Ra5+ Kg6 90. Ra8 Kf6 91. Rg8 Kf5 92. Ra8 Kf6 93. Ra5 Kg6 1/2-1/2


[Site "https://www.chess.com"]

[Event "Titled Tuesday Blitz November 08 Early 2022"]
[White "Do Nascimento,Christian Almeida"]
[Black "Jiang, Andrew"]
[WhiteFideId "2143801"]
[BlackFideId "30953510"]
[WhiteElo "2079"]
[BlackElo "1868"]
[Result "0-1"]
[Round "05"]
[TimeControl "180+1"]
[Date "2022.11.09"]
[WhiteClock "0:00:12"]
[BlackClock "0:00:13"]

1. e4 e5 2. Nf3 Nc6 3. Bc4 Bc5 4. b4 Bxb4 5. c3 Ba5 6. d4 exd4 7. O-O Nf6 8. e5 d5 9. exd6 cxd6 10. Re1+ Kf8 11. Ng5 d5 12. Ba3+ Kg8 13. Bb3 h6 14. Nf3 dxc3 15. Bc2 d4 16. Qd3 Be6 17. Bc5 Bb6 18. Bxb6 axb6 19. a3 Qd5 20. h3 Qc5 21. Rd1 Bc4 22. Qf5 Qxf5 23. Bxf5 Rd8 24. Bd3 Bb3 25. Rc1 Nd5 26. Bb5 Nc7 27. Bxc6 bxc6 28. Nxc3 dxc3 29. Rxc3 Bd5 30. Ne5 Nb5 31. Rd3 Rd6 32. a4 Nc7 33. a5 bxa5 34. Rxa5 Re6 35. f4 f6 36. Ng6 Re1+ 37. Kf2 Rb1 38. Nxh8 Kxh8 39. Ra7 Rb2+ 40. Ke1 Ne6 41. Rd2 Rb1+ 42. Rd1 Rb4 43. g3 Re4+ 44. Kf1 Bc4+ 45. Kf2 Re2+ 46. Kf3 c5 47. Rc1 Nd4+ 48. Kg4 Be6+ 49. f5 Bxf5+ 50. Kf4 Re4# 0-1


[Site "https://www.chess.com"]

[Event "Titled Tuesday Blitz November 08 Early 2022"]
[White "Durarbayli, Vasif"]
[Black "Kollars, Dmitrij"]
[WhiteFideId "13402935"]
[BlackFideId "12909572"]
[WhiteElo "2586"]
[BlackElo "2584"]
[Result "1-0"]
[Round "05"]
[TimeControl "180+1"]
[Date "2022.11.08"]
[WhiteClock "0:00:14"]
[BlackClock "0:00:02"]

1. e4 e5 2. Nf3 Nc6 3. Bb5 a6 4. Ba4 Nf6 5. d3 b5 6. Bb3 d6 7. c3 g6 8. O-O Bg7 9. h3 O-O 10. Be3 d5 11. Nbd2 h6 12. Qc1 Be6 13. Re1 Re8 14. a4 Kh7 15. Bc2 Rb8 16. axb5 axb5 17. Ra6 Qd6 18. d4 Ra8 19. dxe5 Qd7 20. Rxa8 Rxa8 21. exf6 Bxf6 22. exd5 Bxd5 23. Be4 Bg7 24. Bxd5 Qxd5 25. Bf4 b4 26. Bxc7 bxc3 27. bxc3 Ra2 28. Bg3 Qd3 29. Nf1 Rc2 30. Qe3 Qc4 31. N1d2 Qxc3 32. Qxc3 Bxc3 33. Rd1 Bb4 34. Nf1 g5 35. Ne3 Rc5 36. Nd4 Nxd4 37. Rxd4 Bc3 38. Rd5 Rc6 39. Be5 Bb4 40. g4 Kg6 41. Kg2 f6 42. Bg3 h5 43. gxh5+ Kxh5 44. h4 Kg6 45. hxg5 fxg5 46. Ng4 Re6 47. Ne5+ Kh5 48. Nf3 Be7 49. Rb5 Re4 50. Re5 Rxe5 51. Nxe5 Bf6 52. Nd7 Be7 53. Ne5 Bf6 54. Nd3 Kg4 55. f3+ Kf5 56. Nf2 Be7 57. Ng4 Bf8 58. Kf2 Bc5+ 59. Ke2 Bd4 60. Bf2 Bg7 61. Be3 Bf8 62. Kd3 Be7 63. Kc4 Bd6 64. Kd5 Bf4 65. Kd4 Bd6 66. Kd3 Bc7 67. Ke2 Bd6 68. Kf2 Bf8 69. Kg2 Bg7 70. Kh3 Bf8 71. Bd2 Bg7 72. Ne3+ Kf4 73. Kg2 Bf8 74. Nc4+ Kf5 75. Kg3 Be7 76. Ne3+ Ke5 77. Kg4 Kd4 78. Nf5+ 1-0


[Site "https://www.chess.com"]

[Event "Titled Tuesday Blitz November 08 Early 2022"]
[White "Faizrakhmanov, Ramil"]
[Black "Andreikin, Dmitry"]
[WhiteFideId "24103209"]
[BlackFideId "4158814"]
[WhiteElo "2437"]
[BlackElo "2736"]
[Result "1/2-1/2"]
[Round "05"]
[TimeControl "180+1"]
[Date "2022.11.08"]
[WhiteClock "0:00:04"]
[BlackClock "0:00:03"]

1. d4 Nf6 2. c4 e6 3. Nf3 b6 4. g3 Bb7 5. Bg2 Bb4+ 6. Bd2 a5 7. O-O O-O 8. Bf4 Be7 9. Nc3 Ne4 10. Qd3 Nxc3 11. bxc3 f5 12. Ne5 Bxg2 13. Kxg2 d6 14. Nf3 g5 15. Bd2 Nd7 16. Qe3 e5 17. Nxg5 Bxg5 18. Qxg5+ Qxg5 19. Bxg5 Rae8 20. e3 Kf7 21. Rab1 Kg6 22. Bh4 h5 23. f4 exd4 24. exd4 Re3 25. Rf3 Re2+ 26. Rf2 Re3 27. Rf3 Re2+ 28. Rf2 Rfe8 29. Rd1 R2e3 30. Rf3 Re2+ 31. Rf2 R8e3 32. Bd8 Rxf2+ 33. Kxf2 Rxc3 34. Bxc7 d5 35. c5 bxc5 36. dxc5 Nxc5 37. Bxa5 Ne4+ 38. Kg1 Ra3 39. Rxd5 Rxa2 40. Be1 Re2 41. Kf1 Rxh2 42. Ra5 Kf6 43. Ra6+ Kf7 44. Ra5 Ke6 45. Ra6+ Kd5 46. Ra5+ Kd4 47. Ra4+ Ke3 48. Ra3+ Kd4 49. Ra4+ Kd3 50. Ra3+ Kc4 51. Ra4+ Kb3 52. Ra5 Kc4 53. Ra4+ Kd5 54. Ra5+ Ke6 55. Ra6+ Kf7 56. Ra5 h4 57. gxh4 Kg6 58. Ra8 Kh5 59. Rg8 Ra2 60. Rg7 Rc2 61. Rg8 Ra2 62. Rg7 Rc2 63. Rg8 Rc4 64. Kg2 Rc2+ 65. Kf1 1/2-1/2


[Site "https://www.chess.com"]

[Event "Titled Tuesday Blitz November 08 Early 2022"]
[White "Fajdetic, Hrvoje"]
[Black "Tuncer, Tuna"]
[WhiteFideId "14501945"]
[BlackFideId "6349269"]
[WhiteElo "2172"]
[BlackElo "2216"]
[Result "0-1"]
[Round "05"]
[TimeControl "180+1"]
[Date "2022.11.09"]
[WhiteClock "0:00:10"]
[BlackClock "0:00:06"]

1. d4 g6 2. Nc3 Bg7 3. e4 d6 4. Be3 Nf6 5. Qd2 O-O 6. Bh6 e5 7. Bxg7 Kxg7 8. O-O-O Nc6 9. d5 Ne7 10. f4 exf4 11. Qxf4 Bd7 12. e5 dxe5 13. Qxe5 Nf5 14. Nf3 Re8 15. Qf4 Ne3 16. Rd3 Qe7 17. d6 cxd6 18. Qxd6 Bf5 19. Qxe7 Rxe7 20. Rd2 Nxf1 21. Rxf1 Rc8 22. Nd4 Bd7 23. Rdf2 Ng4 24. Rf4 f5 25. Nd5 Re5 26. h3 Nh2 27. Rh1 Rxd5 28. Rxh2 g5 29. Rf1 Rxd4 30. g3 Re8 31. h4 g4 32. Rd2 Rxd2 33. Kxd2 Kf6 34. c4 Bc6 35. b4 Bf3 36. Rf2 Re4 37. Kd3 Re1 38. b5 Rg1 39. Kd4 Rxg3 40. a4 Rg1 41. c5 Rd1+ 42. Kc4 Ke5 43. Rb2 g3 44. a5 g2 45. c6 g1=Q 46. c7 Rc1+ 47. Kb4 Qc5+ 48. Ka4 Ra1+ 49. Kb3 Bd5# 0-1


[Site "https://www.chess.com"]

[Event "Titled Tuesday Blitz November 08 Early 2022"]
[White "Fawzy, Adham"]
[Black "Tharushi, T H D Niklesha"]
[WhiteFideId "10613129"]
[BlackFideId "9918264"]
[WhiteElo "2541"]
[BlackElo "1596"]
[Result "1-0"]
[Round "05"]
[TimeControl "180+1"]
[Date "2022.11.09"]
[WhiteClock "0:00:04"]
[BlackClock "0:01:21"]

1. e4 c6 2. d4 d5 3. e5 Bf5 4. Nf3 e6 5. Be2 Ne7 6. c3 Nd7 7. O-O c5 8. dxc5 Nc6 9. b4 Ncxe5 10. Nxe5 Nxe5 11. f4 Nc6 12. g4 Be4 13. Nd2 Qh4 14. Nxe4 dxe4 15. Qc2 h5 16. g5 f5 17. gxf6 gxf6 18. Qxe4 Rg8+ 19. Kh1 Qh3 20. Be3 O-O-O 21. Rg1 Bh6 22. b5 Ne7 23. Bf3 Nd5 24. c4 Kb8 25. cxd5 exd5 26. Qxd5 Rxd5 27. Rxg8+ Kc7 28. Bxd5 Qxe3 29. Rd1 Qxf4 30. Bg2 Qa4 31. b6+ axb6 32. cxb6+ Kxb6 33. Rb1+ Kc5 34. Rc8+ Kd6 35. Rd8+ Ke7 36. Rdd1 Kf7 37. Rxb7+ Kg8 38. Rd8+ Bf8 39. Bd5+ Kh8 40. Rxf8# 1-0


[Site "https://www.chess.com"]

[Event "Titled Tuesday Blitz November 08 Early 2022"]
[White "Fernandez Guillen, Ernesto J."]
[Black "Lazavik, Denis"]
[WhiteFideId "3512428"]
[BlackFideId "13515110"]
[WhiteElo "2450"]
[BlackElo "2483"]
[Result "0-1"]
[Round "05"]
[TimeControl "180+1"]
[Date "2022.11.08"]
[WhiteClock "0:00:01"]
[BlackClock "0:00:06"]

1. e4 c5 2. Nf3 e6 3. d4 cxd4 4. Nxd4 Nc6 5. Nc3 Qc7 6. Be3 a6 7. f3 Nf6 8. Qd2 b5 9. O-O-O Be7 10. g4 Nxd4 11. Bxd4 Bb7 12. Kb1 O-O 13. g5 Nh5 14. Be3 d5 15. Bd3 b4 16. Ne2 Rfd8 17. Ng3 dxe4 18. fxe4 Nxg3 19. hxg3 Bxe4 20. Qh2 Rxd3 21. cxd3 Bg6 22. Ka1 a5 23. Rc1 Qd7 24. Qg2 Rf8 25. Rhd1 e5 26. Qc6 Qg4 27. Bc5 Qxg5 28. Bxe7 Qxe7 29. Qc5 Qg5 30. Qxa5 Qxg3 31. Qxb4 h5 32. d4 exd4 33. Qxd4 Kh7 34. Rc3 Qg2 35. a4 Rb8 36. Ra3 Qe2 37. a5 Rxb2 38. a6 Rb8 39. a7 Ra8 40. Ra2 Qe6 41. Qd5 Qf6+ 42. Qd4 Qf3 43. Rb2 Be4 44. Ra2 f5 45. Rc1 Qf4 46. Qc5 h4 47. Re1 Qg5 48. Ree2 Qf6+ 49. Rab2 h3 50. Rh2 Bg2 0-1


[Site "https://www.chess.com"]

[Event "Titled Tuesday Blitz November 08 Early 2022"]
[White "Fier, Alexandr"]
[Black "Martinez Alcantara, Jose Eduardo"]
[WhiteFideId "2107139"]
[BlackFideId "3805662"]
[WhiteElo "2617"]
[BlackElo "2705"]
[Result "0-1"]
[Round "05"]
[TimeControl "180+1"]
[Date "2022.11.08"]
[WhiteClock "0:00:09"]
[BlackClock "0:00:07"]

1. d4 Nf6 2. c4 e6 3. Nc3 Bb4 4. e3 O-O 5. Ne2 d5 6. a3 Bd6 7. Ng3 b6 8. Be2 Re8 9. O-O Bb7 10. cxd5 exd5 11. b4 c6 12. Bb2 Nbd7 13. Rc1 Bf8 14. Bf3 b5 15. e4 Nb6 16. e5 Nfd7 17. Bg4 Nc4 18. Rc2 a5 19. Bc1 Nxa3 20. Bxa3 axb4 21. Bxb4 Bxb4 22. Nh5 Nf8 23. Qb1 Be7 24. f4 Qb6 25. Ne2 c5 26. dxc5 Bxc5+ 27. Kh1 d4 28. Rb2 b4 29. Neg3 Ng6 30. Be2 Ra3 31. Bc4 Ba6 32. Bxa6 Qxa6 33. Re1 d3 34. Ne4 Be7 35. Rxb4 d2 36. Nxd2 Bxb4 37. Qxb4 Qa5 38. Qxa5 Rxa5 39. Nf3 Ne7 40. Ng3 Ra4 41. f5 Nd5 42. h3 h6 43. Rd1 Ne3 44. Rd7 Ra1+ 45. Kh2 Ra2 46. Nh5 Nxf5 47. Kg1 Rb8 48. Rd1 Rxg2+ 49. Kh1 Rf2 50. Nh2 Rfb2 51. Rd7 Rb1+ 52. Kg2 R1b2+ 53. Kh1 Nh4 54. Ng4 Nf5 55. e6 fxe6 56. Ngf6+ Kh8 57. Ng4 Rb1+ 58. Kg2 R1b7 59. Rd3 Rb2+ 60. Kh1 Rb1+ 61. Kg2 R8b2+ 62. Kf3 Rb3 63. Rxb3 Rxb3+ 64. Kf4 Rxh3 0-1


[Site "https://www.chess.com"]